 Dungeon Crawl Stone Soup version 0.19.1 (webtiles) character file.

161 XO4YCPATb the Changer (level 5, -3/46 HPs)
             Began as a Troll Transmuter on Nov 30, 2016.
             Killed from afar by an orc wizard (9 damage)
             ... with a puff of flame
             ... on level 3 of the Dungeon.
             The game lasted 00:05:27 (1978 turns).

XO4YCPATb the Changer (Troll Transmuter)            Turns: 1978, Time: 00:05:28

Health: -3/46      AC:  6    Str: 18    XL:     5   Next: 18%
Magic:  5/5        EV: 10    Int: 10    God:
Gold:   179        SH:  0    Dex: 10    Spells: 2 memorised, 2 levels left

rFire  . . .     SeeInvis .       - Unarmed
rCold  . . .     Gourm    +     b - +0 robe
rNeg   + . .     Faith    .     (no shield)
rPois  .         Spirit   .     (helmet restricted)
rElec  .         Reflect  .     n - +0 cloak
rCorr  .         Harm     .     (gloves unavailable)
MR     .....                    (boots unavailable)
Stlth  +.........               (no amulet)
                                (no ring)
                                h - ring of positive energy

@: no status effects
A: unfitting armour, claws 3, fast metabolism 3, gourmand, regeneration 1,
shaggy fur 1, tough skin 2
a: no special abilities


You were on level 3 of the Dungeon.
You were very full.

You visited 1 branch of the dungeon, and saw 3 of its levels.

You collected 179 gold pieces.

Inventory:

Missiles
 a - 67 arrows
Armour
 b - a +0 robe (worn)
 n - a +0 cloak (worn)
Jewellery
 h - a ring of positive energy (left claw)
Scrolls
 i - 2 scrolls of recharging
 j - a scroll of blinking
 l - 3 scrolls of fear {unknown}
 m - 2 scrolls of enchant armour {unknown}
 p - a scroll of noise {unknown}
 s - a scroll of remove curse {unknown}
 t - a scroll of amnesia {unknown}
 u - a scroll of teleportation {unknown}
 w - a scroll of fog {unknown}
Potions
 e - 2 potions of might
 f - a potion of heal wounds
 q - a potion of flight {unknown}
 r - a potion of lignification {unknown}
 v - a potion of haste {unknown}
Books
 c - a book of Changes

   Spells                             Type                      Level
   a - Beastly Appendage              Transmutation                1
   b - Sticks to Snakes               Transmutation                2
   c - Spider Form                    Transmutation/Poison         3
   d - Ice Form                       Ice/Transmutation            4
   e - Blade Hands                    Transmutation                5
Comestibles
 d - 4 bread rations
 g - 10 chunks of flesh


   Skills:
 - Level 0.7 Fighting
 - Level 1.5 Dodging
 - Level 3.0 Unarmed Combat
 - Level 1.2 Spellcasting
 - Level 3.1 Transmutations
 + Level 2.2 Poison Magic


You had 2 spell levels left.
You knew the following spells:

 Your Spells              Type           Power        Failure   Level  Hunger
a - Beastly Appendage     Tmut           #.....       10%         1    ##.....
b - Spider Form           Tmut/Pois      #.........   34%         3    ####...


Dungeon Overview and Level Annotations

Branches:
Dungeon (3/15)

Altars:
Elyvilon
Vehumet


Innate Abilities, Weirdness & Mutations

You are too large for most types of armour.
You have claws for hands.
Your metabolism is lightning-fast.
You like to eat raw meat.
Your natural rate of healing is unusually fast.
You are covered in fur. (AC +1)
You have very tough skin. (AC +2)


Message History

You kill the orc!
You scratch the orc.
The orc is almost dead.
An orc wizard appears from thin air!
Reactivating autopickup.
The orc wizard mumbles some strange words.
The orc wizard flickers and vanishes!
Deactivating autopickup; reactivate with Ctrl-A.
The orc hits you with a mace.
You closely miss something.
You hear some strange, mumbled words.
A puff of flame appears from out of thin air!
The puff of flame hits you!
* * * LOW HITPOINT WARNING * * *
The orc hits you with a mace.
* * * LOW HITPOINT WARNING * * *
You hear some strange, mumbled words.
A puff of flame appears from out of thin air!
The puff of flame hits you!
You die...

.# #.......# ##### .#########
#.......# #...# ....#....###
#.....o.# #.#.# ###.#......##
#...(...# #<#.#
#.#.#..._...###.......# #####.#
#...#...8........K##### ...#.###
#.##(..._....####o# ###.#...#
#.##.........+..#(#####.#.....#.#
#÷##.........##.@.......#.......#
#.)))........##(........#...#...#
####...........(........##.#_#..#
# #..........##........##..#....
# #...........+....(...##.....#.
####.........###.......#######.#.
...########### #†......# .#. ...#
#.......# .# ...# #.......# .#


You could see an orc and a kobold.

Vanquished Creatures
  An orc priest (D:3)
  An orc wizard (D:3)
  Robin (D:1)
  An adder (D:2)
  An ooze (D:1)
  A worm (D:3)
  6 orcs
  3 giant cockroaches
  17 goblins
  6 hobgoblins
  4 jackals (D:3)
  10 kobolds
  A quokka (D:1)
  9 bats
  A frilled lizard (D:2)
  2 rats
65 creatures vanquished.

Notes
Turn   | Place    | Note
-------+----------+-------------------------------------------
     0 | D:1      | XO4YCPATb the Troll Transmuter began the quest for the Orb.
     0 | D:1      | Reached XP level 1. HP: 18/18 MP: 1/1
   133 | D:1      | Reached XP level 2. HP: 18/26 MP: 2/2
   692 | D:1      | Reached XP level 3. HP: 29/32 MP: 3/3
   697 | D:1      | Learned a level 3 spell: Spider Form
   743 | D:2      | Noticed Robin
   763 | D:1      | Killed Robin
  1270 | D:2      | Reached XP level 4. HP: 40/40 MP: 4/4
  1463 | D:3      | Found a faded altar of an unknown god.
  1803 | D:3      | Found a radiant altar of Vehumet.
  1805 | D:3      | Found a white marble altar of Elyvilon.
  1825 | D:3      | Reached skill level 1 in Poison Magic
  1857 | D:3      | Reached XP level 5. HP: 20/46 MP: 5/5
  1978 | D:3      | Killed from afar by an orc wizard

Skill      XL: |  1  2  3  4 |
---------------+-------------+-----
Transmutations | 2 3 |  3.1
Poison Magic   | 2 |  2.2
Fighting       | |  0.7
Dodging        | |  1.5
Unarmed Combat | |  3.0
Spellcasting   | |  1.2

Action                   |  1- 3 |  4- 6 || total
-------------------------+-------+-------++-------
Melee: Unarmed           |   133 |    78 ||   211
       Punch             |     1 |     1 ||     2
  Use: Scroll            |       |     5 ||     5
       Potion            |       |     1 ||     1
 Stab: Sleeping          |     1 |       ||     1
  Eat: Chunk             |    16 |     7 ||    23
Armor: Robe              |    50 |    37 ||    87
Dodge: Dodged            |    78 |    47 ||   125
